 Dungeon Crawl Stone Soup version 0.29.1-2-gbd0b4ee654 (webtiles) character file.

Game seed: 766059088545708958

354 styxcanada the Covert (level 6, -12/32 HPs)
             Began as a Spriggan Brigand on Nov 4, 2022.
             Mangled by a two-headed ogre
             ... wielding a +0 giant club
              (24 damage)
             ... on level 5 of the Dungeon.
             The game lasted 00:16:19 (4992 turns).

styxcanada the Covert (Spriggan Brigand)            Turns: 4992, Time: 00:16:22

Health: -12/32     AC:  8    Str:  7    XL:     6   Next: 35%
Magic:  0/7        EV: 19    Int: 13    God:
Gold:   315        SH:  0    Dex: 18    Spells: 5/5 levels left

rFire   + . .      SeeInvis +   a - +3 dagger (protect)
rCold   . . .      Faith    .   (no shield)
rNeg    . . .      Spirit   +   b - +1 robe
rPois   .          Reflect  .   (helmet restricted)
rElec   .          Harm     .   c - +0 cloak
rCorr   .          Rampage  .   (gloves unavailable)
Will    +....                   (boots unavailable)
Stlth   ++++......              n - amulet of guardian spirit
HPRegen 0.10/turn               f - ring of protection from fire
MPRegen 0.10/turn               m - +4 ring of protection

@: very quick
A: very small, no large weapons, unfitting armour, see invisible, speed 3
a: no special abilities


You were on level 5 of the Dungeon.
You visited 1 branch of the dungeon, and saw 5 of its levels.

You collected 315 gold pieces.

Inventory:

Hand Weapons
 a - a +3 dagger of protection (weapon)
 d - a +2 quarterstaff of chaos
 h - a +3 mace of holy wrath
 j - a +0 sling
Missiles
 i - 20 stones
 p - 2 curare-tipped darts
 q - 13 poisoned darts (quivered)
Armour
 b - a +1 robe (worn)
 c - a +0 cloak (worn)
Magical Staves
 l - a staff of poison
Jewellery
 f - a ring of protection from fire (left hand)
 m - a +4 ring of protection (right hand)
 n - an amulet of guardian spirit (around neck)
Scrolls
 o - a scroll of fear
 t - a scroll of magic mapping
 w - 3 scrolls of teleportation
Potions
 e - 2 potions of lignification
 g - a potion of ambrosia
 k - 2 potions of flight
 r - 2 potions of brilliance
 s - a potion of curing
 v - a potion of heal wounds {unknown}


   Skills:
 * Level 2.4 Fighting
 + Level 3.4 Short Blades
 + Level 0.2 Ranged Weapons
 + Level 3.2 Throwing
 * Level 4.1 Dodging
 * Level 8.2 Stealth
 * Level 0.8 Evocations


You had 5 spell levels left.
You didn't know any spells.
Your spell library contained the following spells:

 Spells                   Type           Power      Damage    Failure   Level
 Summon Small Mammal      Summ           0%         N/A       30%         1
 Gell's Gravitas          Tloc           0%         N/A       67%         3
 Lesser Beckoning         Tloc           0%         N/A       67%         3
 Summon Guardian Golem    Hex/Summ       0%         N/A       67%         3
 Teleport Other           Tloc           0%         N/A       67%         3
 Summon Cactus Giant      Summ           0%         N/A       100%        6
 Dragon's Call            Summ           0%         N/A       100%        9


Dungeon Overview and Level Annotations

Branches:
Dungeon (5/15)
 Temple: D:4-7

Altars:
Makhleb
Qazlal
Xom
Yredelemnul


Innate Abilities, Weirdness & Mutations

You are very small and have problems with some larger weapons.
You are too small for most types of armour.
You have supernaturally acute eyesight. (SInv)
You cover ground extremely quickly. (Speed+++)


Message History

The two-headed ogre shouts in stereo!
The gnoll shouts!
You hear an angry hiss.
An iguana comes into view.
The orc shouts!
The gnoll hits you from afar with a +0 spear.
Really read the scroll of poison?
The air fills with toxic fumes!
As you read the scroll of poison, it crumbles to dust.
The gnoll hits you but does no damage. The gnoll completely misses you.
Throw: 13 darts (poison)
Press: ? - help, Q - select action, (/) - cycle Shift-Dir - straight line, f - two-headed ogre
Aim: a two-headed ogre, wielding two +0 giant clubs (77% to hit)
Okay, then.
Your +3 dagger of protection goes still.
j - a +0 sling (weapon)
Fire: j) +0 sling
Press: ? - help, Q - select action, (/) - cycle Shift-Dir - straight line, f - ufetubus
Aim: an ufetubus (40% to hit)
You shoot a sling bullet.
The sling bullet closely misses the ufetubus.
The hound barks!
The hound pauses to sniff the ground.
The gnoll hits you from afar with a +0 spear.
The two-headed ogre is engulfed in poison gas.
The two-headed ogre is poisoned.
The two-headed ogre hits you with a +0 giant club!!
Ouch! That really hurt!
* * * LOW HITPOINT WARNING * * *
The two-headed ogre completely misses you.
The gnoll hits you from afar with a +0 spear.
* * * LOW HITPOINT WARNING * * *
Unknown command.
You feel better. The gnoll completely misses you.
Your +3 dagger of protection hums with potential!
a - a +3 dagger of protection (weapon)
The two-headed ogre is engulfed in poison gas.
The two-headed ogre looks even sicker.
The two-headed ogre closely misses you.
The two-headed ogre hits you with a +0 giant club!!
Ouch! That really hurt!
You die...

...#8...8#.....# §#
#.#.#....§#§....#
§l☼
#.....8.§§§....#####
#§#
#.#...§☼#..........
§§☼
#8.§§8#..########
###☼#####§###☼.#
#§§☼§☼#§§§☼§§§.#
§#§§og§#§§§§☼☼§.#
§§§h☼5§@§#.######
§#§§§.O#§#.#
#☼§☼§§#§#.#
###§###§#.# §☼☼
.§#.# §§§ .§☼.# ###
###


You could see a two-headed ogre (very poisoned), an iguana, a hound, a gnoll, an
orc and an ufetubus.

Vanquished Creatures
  A phantom (D:5)
  A necrophage (D:4)
  2 hounds
  Crazy Yiuf (D:2)
  Terence (D:2)
  An iguana (D:5)
  An adder (D:4)
  4 worms
  3 dart slugs
  4 orcs
  5 ball pythons
  7 endoplasms
  2 giant cockroaches (D:2)
  A goblin (D:3)
  5 hobgoblins
  6 jackals
  4 kobolds
  A quokka (D:5)
  2 bats (D:3)
  2 frilled lizards
  3 rats
57 creatures vanquished.

Notes
Turn   | Place    | Note
-------+----------+-------------------------------------------
     0 | D:1      | styxcanada the Spriggan Brigand began the quest for the
                  | Orb.
     0 | D:1      | Reached XP level 1. HP: 10/10 MP: 2/2
    50 | D:1      | Found a faded altar of an unknown god.
    93 | D:1      | Got the Discourse on the Retinue
   130 | D:1      | Reached skill level 6 in Stealth
   459 | D:1      | Reached XP level 2. HP: 12/15 MP: 3/3
  1542 | D:2      | Found a runed translucent door.
  1543 | D:2      | Noticed Crazy Yiuf
  1593 | D:2      | Killed Crazy Yiuf
  1594 | D:2      | Reached skill level 7 in Stealth
  1594 | D:2      | Reached XP level 3. HP: 18/18 MP: 4/4
  2035 | D:2      | Noticed Terence
  2060 | D:2      | Killed Terence
  2061 | D:2      | Reached XP level 4. HP: 13/23 MP: 5/5
  2232 | D:2      | Found a burning altar of Makhleb.
  3542 | D:3      | Reached XP level 5. HP: 21/26 MP: 6/6
  4288 | D:4      | You fall into a shaft and drop 1 floor!
  4288 | D:5      | Entered Level 5 of the Dungeon
  4483 | D:4      | Found a basalt altar of Yredelemnul.
  4742 | D:4      | Found a stormy altar of Qazlal.
  4751 | D:4      | Found a shimmering altar of Xom.
  4836 | D:5      | Reached skill level 8 in Stealth
  4836 | D:5      | Reached XP level 6. HP: 19/31 MP: 4/7
  4983 | D:5      | Noticed a two-headed ogre
  4990 | D:5      | HP: 1/32 [gnoll/+0 spear (2)]
  4992 | D:5      | Mangled by a two-headed ogre

Illustrated notes

Levels and vault maps discovered:
D:1:      dpeg_arrival_more_subterranean_lakeside_camping, layout_basic,
          hellmonk_ecumenical_altar_run_dry, serial_bayou_lagoon_a,
          serial_park_tiny_2
D:2:      layout_basic, basic_altar, uniq_crazy_yiuf_cottage, uniq_terence
D:3:      minmay_chambers_of_twos, layout_basic
D:4:      layout_cave_pools, kennysheep_mini, mainiacjoe_overflow_swirl
D:5:      layout_rooms, minmay_chambers_of_fives

Skill      XL: |  1  2  3  4  5  6 |
---------------+-------------------+-----
Stealth        | 6 7 8 |  8.2
Fighting       | 2 |  2.4
Dodging        | 2 3 4 |  4.1
Throwing       | 3 |  3.2
Short Blades   | 3 |  3.4
Ranged Weapons | |  0.2
Evocations     | |  0.8

Action                   |  1- 3 |  4- 6 || total
-------------------------+-------+-------++-------
Melee: Dagger            |    45 |   181 ||   226
       Punch             |     1 |     4 ||     5
 Fire: Sling             |     3 |     7 ||    10
Throw: Dart              |    19 |    17 ||    36
       Stone             |     1 |     3 ||     4
  Use: Scroll            |     2 |    13 ||    15
       Potion            |       |     1 ||     1
 Stab: Sleeping          |     5 |     7 ||    12
Armor: Robe              |     3 |    49 ||    52
Dodge: Dodged            |    26 |   155 ||   181
